 Dungeon Crawl Stone Soup version 0.20-a0-893-g832831a (webtiles) character file.

5 Denreik the Ducker (level 1, -9/11 HPs)
             Began as a Spriggan Abyssal Knight on Mar 18, 2017.
             Was a Follower of Lugonu.
             Blown up by a cacodemon (11 damage)
             ... with a bolt of energy
             ... on level 2 of the Abyss.
             The game lasted 00:03:43 (250 turns).

Denreik the Ducker (Spriggan Abyssal Knight)         Turns: 250, Time: 00:03:43

Health: -9/11      AC:  2    Str:  8    XL:     1   Next: 66%
Magic:  3/3        EV: 19    Int: 13    God:    Lugonu [*.....]
Gold:   32         SH:  0    Dex: 15    Spells: 0/0 levels left

rFire    . . .     SeeInvis +   a - +1 spear
rCold    . . .     Gourm    .   h - +0 robe
rNeg     . . .     Faith    .   (shield restricted)
rPois    .         Spirit   .   (helmet restricted)
rElec    .         Reflect  .   (no cloak)
rCorr    .         Harm     .   (gloves unavailable)
MR       .....                  (boots unavailable)
Stlth    ++........             (no amulet)
Regen    0.1/turn               (no ring)
MPRegen  0.1/turn               (no ring)

@: very quick
A: unfitting armour, see invisible, herbivore 3, speed 3, slow metabolism 2
a: Depart the Abyss, Renounce Religion


You were on level 2 of the Abyss.
You worshipped Lugonu.
Lugonu was aware of your devotion.
You were not hungry.

You visited 0 branches of the dungeon, and saw 0 of its levels.
You visited the Abyss 1 time.

You collected 32 gold pieces.

Inventory:

Hand Weapons
 a - a +1 spear (weapon)
 b - a +0 shortbow
 d - a +0 dagger
 i - a +0 falchion
Missiles
 g - 11 poisoned needles
 j - 17 stones (quivered)
Armour
 h - a +0 robe (worn)
Wands
 f - a wand of iceblast (7/15)
 l - a wand of lightning (10/15)
Scrolls
 e - a scroll of identify
Miscellaneous
 k - a lightning rod (3/4)
Comestibles
 c - a bread ration


   Skills:
 - Level 2.4 Fighting
 - Level 1.3 Polearms
 * Level 4.0 Dodging
 * Level 0.9 Stealth
 - Level 1.7 Invocations


You couldn't memorise any spells.
You didn't know any spells.

Dungeon Overview and Level Annotations

Branches:
Dungeon (0/15)

Altars:


Innate Abilities, Weirdness & Mutations

You are very small and have problems with some larger weapons.
You are too small for most types of armour.
You have supernaturally acute eyesight. (SInv)
You are a herbivore.
You cover ground extremely quickly.
You need consume almost no food.


Message History

A small abomination comes into view.
The starspawn tentacle grabs you.
* * * LOW HITPOINT WARNING * * *
The starspawn tentacle constricts you.
You escape the starspawn tentacle's grasp.
A ynoxinul comes into view.
A small abomination comes into view.
The small abomination moves out of view.
Found a fluorescent wand.
A cacodemon comes into view.
The cacodemon shouts!
The cacodemon moves out of view.
You hear a grinding noise.
Found 24 gold pieces.
You see here a wand of lightning (?/15).
l - a wand of lightning (?/15)
The cacodemon gestures at you. The bolt of energy hits you!
Ouch! That really hurt!
You die...

#..#...##
####....#
...#....#
#.#.##.#.#
##.#.#.#.#..
##$.#..##.....
##..........#.#
#........2......
#..@#....#...##.#
#......#...#.#.#
#
#..##.#.......#.#
#.# ####..#...#
#. #......# #
#....## ...#. ##


You could see a cacodemon.

Vanquished Creatures
  An ufetubus (Abyss:2)
1 creature vanquished.

Vanquished Creatures (others)
  6 starspawn tentacles (Abyss:2)
6 creatures vanquished.

Grand Total: 7 creatures vanquished

Notes
Turn   | Place    | Note
-------+----------+-------------------------------------------
     0 | Abyss:1  | Denreik the Spriggan Abyssal Knight began the quest for the Orb.
     0 | Abyss:1  | Reached XP level 1. HP: 11/11 MP: 3/3
   163 | Abyss:2  | Noticed a sky beast
   169 | Abyss:2  | Noticed a small abomination
   171 | Abyss:2  | Noticed a large abomination
   175 | Abyss:2  | Noticed a raiju
   188 | Abyss:2  | Noticed an iron imp
   191 | Abyss:2  | Noticed a tentacled starspawn
   197 | Abyss:2  | Noticed a hellwing
   199 | Abyss:2  | Noticed a tentacled starspawn
   200 | Abyss:2  | Reached skill level 4 in Dodging
   207 | Abyss:2  | Noticed a small abomination
   211 | Abyss:2  | Noticed a ynoxinul
   229 | Abyss:2  | Noticed a small abomination
   241 | Abyss:2  | Noticed a cacodemon
   250 | Abyss:2  | Blown up by a cacodemon

Vault maps used:

Skill      XL: |  1 |
---------------+----+-----
Dodging        | 4 |  4.0
Fighting       | |  2.4
Polearms       | |  1.3
Stealth        | |  0.9
Invocations    | |  1.7

Action                   || total
-------------------------++-------
Melee: Spear             ||     2
Evoke: Lightning rod     ||     1
  Use: Scroll            ||     1
Dodge: Dodged            ||    14
